 Dungeon Crawl Stone Soup version 0.30.1-4-g462c640d31 (webtiles) character file.

Game seed: 11995894296664220884

353 LynnLen the Jinx (level 6, 0/45 HPs)
             Began as a Spriggan Enchanter on Sept 8, 2023.
             Succumbed to a gnoll's poison
             ... on level 3 of the Dungeon.
             The game lasted 00:10:56 (3177 turns).

LynnLen the Jinx (Spriggan Enchanter)               Turns: 3177, Time: 00:10:56

Health: 0/45       AC: 23    Str:  4    XL:     6   Next: 35%
Magic:  12/12      EV:  4    Int: 18    God:
Gold:   171        SH:  0    Dex: 16    Spells: 3/11 levels left

rFire   . . .        n - +2 dagger (vamp)
rCold   . . .        (no shield)
rNeg    . . .        b - melded +1 robe
rPois   +            (helmet currently unavailable)
rElec   .            (cloak currently unavailable)
rCorr   .            (gloves unavailable)
SInv    +            (boots unavailable)
Will    +....        (no amulet)
Stlth   +++          (no ring)
HPRegen 0.27/turn    (no ring)
MPRegen 0.13/turn

%: no passive effects
@: mighty, lethally poisoned (0 -> -11), tree-form, attractive
A: stationary, stasis, torment immunity, boosted hp, very small, no large
weapons, unfitting armour, see invisible, (speed 3)
a: no special abilities


You were on level 3 of the Dungeon.
You were a tree.
You visited 1 branch of the dungeon, and saw 4 of its levels.

You collected 171 gold pieces.

Inventory:

Hand Weapons
 a - a +1 dagger
 n - a +2 vampiric dagger (weapon)
Armour
 b - a +1 robe (melded)
Scrolls
 e - 2 scrolls of blinking
 g - a scroll of vulnerability {unknown}
 k - a scroll of immolation {unknown}
 o - 2 scrolls of teleportation {unknown}
Potions
 c - 3 potions of invisibility
 m - a potion of lignification


   Skills:
 + Level 1.1 Fighting
 + Level 2.0 Short Blades
 + Level 3.5 Dodging
 + Level 5.1 Stealth
 + Level 3.3 Spellcasting
 - Level 14.7 Hexes
 * Level 1.6 Ice Magic


You had 3 spell levels left.
You knew the following spells:

 Your Spells              Type           Power      Damage    Failure   Level
a - Ensorcelled Hibernat  Hex/Ice        64%        N/A       1%          2
b - Confusing Touch       Hex            54%        N/A       1%          3
c - Tukima's Dance        Hex            54%        N/A       1%          3

Your spell library contained the following spells:

 Spells                   Type           Power      Damage    Failure   Level
 Slow                     Hex            100%       N/A       1%          1
 Dazzling Flash           Conj/Hex       58%        N/A       2%          3
 Blink                    Tloc           6%         N/A       24%         2
 Lesser Beckoning         Tloc           6%         N/A       24%         2
 Momentum Strike          Conj/Tloc      6%         3d8       24%         2
 Frozen Ramparts          Ice            16%        1d3       24%         3
 Vampiric Draining        Necr           3%         2d6       43%         3
 Ice Form                 Ice/Tmut       5%         N/A       75%         4
 Summon Ice Beast         Ice/Summ       5%         N/A       75%         4


Dungeon Overview and Level Annotations

Branches:
Dungeon (4/15)
 Temple: D:4-7

Altars:
Makhleb
Vehumet

Annotations:
D:3 Grinder


Innate Abilities, Weirdness & Mutations

You are a tree.
Your roots penetrate the ground, keeping you stationary.
You cannot be teleported.
You are immune to unholy pain and torment.
Your maximum health is greatly increased.
Your equipment is partially melded.
You are very small and have problems with some larger weapons.
You are too small for most types of armour.
You have supernaturally acute eyesight. (SInv)
((You cover ground extremely quickly. (Speed+++)))


Message History

You feel more experienced!
Your Hexes skill gained 10 levels and is now at level 14!
Training target 8.0 for Hexes reached!
You have reached level 6!
* * * LOW HITPOINT WARNING * * *
You feel sick. The gnoll completely misses you. The orc completely misses you.
The rat misses you. The gnoll completely misses you.
Really quaff the potion of lignification?
You turn into a tree.
Your +0 robe melds into your body.
Your roots penetrate the ground.
You feel sick. The gnoll hits you but does no damage.
You are lethally poisoned!
The orc barely misses you. The rat bites you but does no damage.
The gnoll barely misses you.
Unknown command.
Okay, then.
As you read the scroll labelled LAMAHA JILUOBO, it crumbles to dust.
It is a scroll of enchant armour.
Your +0 robe glows green for a moment.
* * * LOW HITPOINT WARNING * * *
You feel very sick. The gnoll hits you but does no damage.
You are more poisoned.
The orc hits you but does no damage. The rat barely misses you.
The gnoll hits you but does no damage.
You hit the orc.
You feel better.
You kill the orc!
* * * LOW HITPOINT WARNING * * *
You feel very sick. The gnoll completely misses you.
The gnoll hits you but does no damage. The rat bites you but does no damage.
The gnoll is attracted toward you.
You puncture the gnoll!
You feel better.
The gnoll is almost dead.
* * * LOW HITPOINT WARNING * * *
You feel very sick. The gnoll hits you but does no damage.
The rat bites you but does no damage. The gnoll hits you but does no damage.
You closely miss the gnoll.
The gnoll is almost dead.
You die...

#.P♣.♣..P♣.♣♣♣P.♣..P......
#♣P..♣P.♣.♣♣.♣P.P.♣...#.g._
..♣PP♣.♣P.♣.P♣.P♣.....g...)
.♣.♣♣.♣.♣.♣♣..♣......r..#
...†.♣♣♣♣♣♣.♣.♣...♣...8...♣ ..
.###♣♣ ♣P♣...♣.)♣♣♣.P♣..P ♣. ..##
♣♣♣.♣.♣gS♣ ♣o.P.♣.. ♣ ...#
♣♣P♣♣♣gr♣ .♣♣.♣♣♣.♣♣♣ .#.# ♣
♣.♣♣♣♣♣♣♣♣♣.. .♣P♣..PP .#.#
♣♣P♣♣.P♣§♣.♣.PP♣♣♣..P.P.♣♣
.#.#####.....♣§§♣♣..♣##♣.♣...#..#
!#...........§§.§................
.......######..........####.#....
..........# #.........###........
÷.........###.........##..###....
..............................#..
..))....................##....#..


You could see 2 gnolls, an adder and a rat.

Vanquished Creatures
  An orc priest (D:3)
  2 jellies
  An adder (D:3)
  A worm (D:2)
  3 dart slugs
  6 orcs (D:3)
  3 endoplasms
  6 giant cockroaches
  4 goblins
  6 hobgoblins
  5 kobolds
  4 quokkas (D:3)
  6 ball pythons
  10 bats
  3 frilled lizards (D:1)
  10 rats
71 creatures vanquished.

Notes
Turn   | Place    | Note
-------+----------+-------------------------------------------
     0 | D:1      | LynnLen the Spriggan Enchanter began the quest for the Orb.
     0 | D:1      | Reached XP level 1. HP: 9/9 MP: 5/5
   166 | D:1      | Reached XP level 2. HP: 13/13 MP: 6/6
   461 | D:1      | Reached skill level 4 in Hexes
   744 | D:1      | Learned a level 2 spell: Ensorcelled Hibernation
   875 | D:2      | Reached XP level 3. HP: 17/17 MP: 8/8
   892 | D:2      | Learned a level 3 spell: Confusing Touch
   896 | D:2      | Learned a level 3 spell: Tukima's Dance
  1191 | D:2      | Reached skill level 1 in Ice Magic
  1260 | D:2      | You fall into a shaft and drop 2 floors!
  1265 | D:4      | Reached XP level 4. HP: 21/21 MP: 9/9
  1418 | D:3      | Noticed Grinder
  1639 | D:3      | Reached skill level 1 in Fighting
  2334 | D:2      | Found a burning altar of Makhleb.
  2852 | D:3      | Reached skill level 5 in Stealth
  2855 | D:3      | Reached XP level 5. HP: 25/25 MP: 3/10
  3151 | D:3      | Found a radiant altar of Vehumet.
  3172 | D:3      | Reached skill level 14 in Hexes
  3172 | D:3      | Reached XP level 6. HP: 5/30 MP: 12/12
  3176 | D:3      | HP: 1/45 [poisoned by a gnoll]
  3177 | D:3      | Succumbed to a gnoll's poison

Illustrated notes

Levels and vault maps discovered:
D:1:      dpeg_arrival_subterranean_lakeside_camping, layout_loops_ring,
          nrook_loot_triangle
D:2:      layout_basic, basic_altar, minmay_misc_feat_secret_circle
D:3:      wad_woods_stonehenge, layout_basic, hangedman_decor_push,
          minmay_misc_feat_diagonals, grunt_ministairs_5, uniq_grinder
D:4:      layout_gridville, nicolae_dithmenos_shadow_blocks

Skill      XL: |  1  2  3  4  5 |
---------------+----------------+-----
Hexes          | 4 14 | 14.7
Dodging        | 3 |  3.5
Spellcasting   | 3 |  3.3
Ice Magic      | 1 |  1.6
Fighting       | 1 |  1.1
Stealth        | 5 |  5.1
Short Blades   | 2 |  2.0

Action                     |  1- 3 |  4- 6 || total
---------------------------+-------+-------++-------
  Melee: Dagger            |    70 |   122 ||   192
         Punch             |       |     1 ||     1
   Cast: Ensorcelled Hiber |     2 |    24 ||    26
    Use: Potion            |       |     5 ||     5
         Scroll            |       |     4 ||     4
   Stab: Sleeping          |    21 |    17 ||    38
         Invisible         |       |     1 ||     1
 Armour: Robe              |     3 |    15 ||    18
         Skin              |       |    10 ||    10
  Dodge: Dodged            |    38 |   113 ||   151
